 Dungeon Crawl Stone Soup version 0.17-a0-1567-gdd419b1 (webtiles) character file.

741 Lathuz the Carver (level 7, -4/57 HPs)
             Began as a Minotaur Fighter on July 22, 2015.
             Slain by a gnoll
             ... wielding a +0 whip
              (7 damage)
             ... on level 5 of the Dungeon.
             The game lasted 00:10:50 (4207 turns).

Lathuz the Carver (Minotaur Fighter)                Turns: 4207, Time: 00:10:50

Health: -4/57      AC:  6    Str: 20    XL:     7   Next: 47%
Magic:  6/6        EV:  7    Int:  5    God:
Gold:   177        SH:  9    Dex: 12    Spells: 0 memorised, 6 levels left

rFire  . . .     SeeInvis .     a - +0 long sword
rCold  . . .     Clarity  .     b - +0 scale mail
rNeg   . . .     SustAt   .     c - +0 shield
rPois  .         Gourm    .     (helmet restricted)
rElec  .         Spirit   .     (no cloak)
rCorr  .         Warding  .     (no gloves)
rMut   .         Stasis   .     (no boots)
MR     .....                    (no amulet)
Stlth  ..........               (no ring)
                                (no ring)

@: not resistant to hostile enchantments, extremely unstealthy
A: retaliatory headbutt, horns 2
a: no special abilities


You were on level 5 of the Dungeon.
You were hungry.

You visited 1 branch of the dungeon, and saw 5 of its levels.

You collected 177 gold pieces.

Inventory:

Hand weapons
 a - a +0 long sword (weapon)
Missiles
 f - 206 stones (quivered)
 n - 7 javelins of penetration
Armour
 b - a +0 scale mail (worn)
 c - a +0 shield (worn)
Magical devices
 o - a wand of enslavement (10)
 p - a wand of confusion (9)
Scrolls
 i - a scroll of blinking {unknown}
 j - a scroll of teleportation
 k - a scroll of magic mapping
 w - a scroll of amnesia
Potions
 d - 4 potions of might
 g - 2 potions of heal wounds
 h - 2 potions of curing {unknown}
 r - a potion of lignification {unknown}
 s - a potion of flight {unknown}
 u - a potion of degeneration {unknown}
 v - a potion of brilliance {unknown}
 x - a potion of beneficial mutation {unknown}
Comestibles
 e - 6 bread rations
 m - 3 fruits


   Skills:
 - Level 3.6 Fighting
 + Level 10.0 Long Blades
 - Level 3.6 Armour
 - Level 0.7 Dodging
 - Level 0.5 Stealth
 - Level 3.6 Shields


You had 6 spell levels left.
You didn't know any spells.

Dungeon Overview and Level Annotations

Branches:
Dungeon (5/15)
 Temple: D:4-7

Altars:
Cheibriados
Dithmenos
Gozag
Qazlal
Ru
Vehumet


Innate Abilities, Weirdness & Mutations

You reflexively headbutt those who attack you in melee.
You have a pair of horns on your head.


Message History

The gnoll sergeant freezes you. You block the gnoll's attack.
You slash the gnoll sergeant!
The gnoll sergeant is heavily wounded.
You block the gnoll sergeant's attack. The gnoll hits you but does no damage.
The gnoll sergeant blocks your attack.
The gnoll sergeant is heavily wounded.
You block the gnoll sergeant's attack. The gnoll barely misses you.
You hit the gnoll sergeant but do no damage.
The gnoll sergeant blocks your attack.
The gnoll sergeant is heavily wounded.
You block the gnoll sergeant's attack. You block the gnoll's attack.
You hit the gnoll sergeant.
Your headbutt misses the gnoll sergeant.
The gnoll sergeant is severely wounded.
The gnoll sergeant hits you with a spear of freezing!
* * * LOW HITPOINT WARNING * * *
The gnoll sergeant freezes you.
* * * LOW HITPOINT WARNING * * *
The gnoll hits you with a whip!
You die...

# #. ##......... #≈
._. ≈#..........
≈##w##≈##........#
≈###≈ #........# ≈≈≈
#......#.# #'#
#........
#.#####.#####.......#
#..ggg.....†...######
####@....######
#$....##### #....####
#... #.. #. #. #.# #
#.## .#...##


You could see a gnoll sergeant and 2 gnolls.

Vanquished Creatures
  A water moccasin (D:5)
  A phantom (D:5)
  An ogre (D:3)
  A scorpion (D:4)
  A hound (D:3)
  A giant frog skeleton (D:4)
  3 orc wizards
  An iguana (D:4)
  8 gnolls
  2 adders
  An ooze (D:2)
  3 worms
  4 giant geckos
  16 orcs
  6 bats
  A bat skeleton (D:4)
  4 giant cockroaches
  14 hobgoblins
  14 jackals
  3 ball pythons
  A giant gecko zombie (D:5)
  11 giant newts
  13 goblins
  14 kobolds
  A quokka (D:4)
  13 rats
139 creatures vanquished.

Notes
Turn   | Place    | Note
--------------------------------------------------------------
     0 | D:1      | Lathuz the Minotaur Fighter began the quest for the Orb.
     0 | D:1      | Reached XP level 1. HP: 19/19 MP: 0/0
     3 | D:1      | Noticed an electric eel
     3 | D:1      | Noticed an electric eel
   171 | D:1      | Reached XP level 2. HP: 19/26 MP: 1/1
   505 | D:1      | Reached skill level 4 in Long Blades
   508 | D:1      | Reached XP level 3. HP: 22/31 MP: 2/2
   885 | D:2      | Found a faded altar to an unknown god.
   985 | D:2      | Found an opulent altar of Gozag.
  1355 | D:2      | Reached skill level 5 in Long Blades
  1355 | D:2      | Reached XP level 4. HP: 33/39 MP: 3/3
  1565 | D:2      | Found a radiant altar of Vehumet.
  1565 | D:2      | Found a shadowy altar of Dithmenos.
  1884 | D:3      | Reached skill level 6 in Long Blades
  1999 | D:3      | Found a sacrificial altar of Ru.
  2015 | D:3      | Reached XP level 5. HP: 43/45 MP: 4/4
  2386 | D:3      | Found a stormy altar of Qazlal.
  2421 | D:4      | Noticed an ogre
  2426 | D:3      | Killed an ogre
  2426 | D:3      | Reached skill level 7 in Long Blades
  2426 | D:3      | Reached XP level 6. HP: 41/51 MP: 5/5
  2723 | D:4      | Reached skill level 8 in Long Blades
  3427 | D:5      | Entered Level 5 of the Dungeon
  3518 | D:5      | Reached skill level 9 in Long Blades
  3541 | D:5      | Noticed a water moccasin
  3550 | D:5      | Killed a water moccasin
  3550 | D:5      | Reached XP level 7. HP: 38/57 MP: 6/6
  3865 | D:5      | Reached skill level 10 in Long Blades
  4172 | D:5      | Found a snail-covered altar of Cheibriados.
  4207 | D:5      | Slain by a gnoll

Vault maps used:
D:1:      arrival_aquarium_b
D:2:      grunt_gozag_statues, amethyst_overflow_temple_binary,
          ecumenical_altar_1
D:3:      nicolae_ru_great_annihilating_truth, grunt_qazlal_clouds
D:4:      serial_curves, eino_curves_02, eino_curves_04
D:5:      cheibrodos_worm_habitat, bloody_trog, first_bread, serial_shops, shop,
          uniq_sigmund

Action                   |  1- 3 |  4- 6 |  7- 9 || total
-------------------------+-------+-------+-------++-------
Melee: Long sword        |   109 |   196 |    64 ||   369
Throw: Stone             |       |    33 |    17 ||    50
  Use: Scroll            |       |     7 |       ||     7
 Stab: Paralysed         |       |     1 |       ||     1
  Eat: Chunk             |     1 |     8 |     1 ||    10
